Map: Kairos Junction LE

Players

Djorjx - Winner!

  • Race: Terran Terran
  • League: Grandmaster
  • Spawn Location: 11:00

Melle

  • Race: Protoss Protoss
  • League: Master
  • Spawn Location: 5:00

Event: DSCL Nationals 2018 - Finals

VOD

Have the link to the VOD?

Description

Time

  • Played on: Dec. 1, 2018, 9:19 a.m.
  • Length: 18:09

All games in this series

Show
View Real Time Build Order
Export as new Build Order

Djorjx Terran - Winner!

Build Orders: Reaper Expand 

Get SALT Encoding   

  12  0:00  SCV  
  13  0:12  SCV  
  14  0:16  Supply Depot  
  14  0:24  SCV  
  15  0:38  SCV  
  15  0:40  Barracks  
  16  0:43  Refinery  
  16  0:50  SCV  
  17  1:02  SCV  
  18  1:15  SCV  
  19  1:30  Orbital Command, Reaper  
  20  1:42  Command Center  
  20  1:52  Supply Depot  
  20  1:56  SCV  
  21  2:02  Marine  
  21  2:08  SCV  
  23  2:10  Factory  
  23  2:14  Refinery  
  23  2:20  SCV  
  24  2:28  Barracks Reactor  
  24  2:31  Bunker  
  24  2:32  SCV  
  24  2:41  Supply Depot  
  23  2:44  SCV  
  24  2:53  Factory Tech Lab  
  24  2:56  SCV  
  25  3:06  Marine x2  
  25  3:08  SCV  
  28  3:13  Cyclone  
  28  3:19  Command Center  
  31  3:20  SCV  
  31  3:22  Supply Depot  
  31  3:24  Marine x2  
  34  3:31  Starport  
  34  3:38  SCV  
  35  3:43  Marine  
  35  3:44  Marine  
  35  3:45  Siege Tank  
  40  3:52  SCV  
  41  4:05  SCV  
  40  4:10  Marine  
  40  4:11  Marine, Viking  
  41  4:17  SCV  
  41  4:18  Supply Depot  
  42  4:24  Siege Tank  
  42  4:29  SCV  
  45  4:41  Viking, SCV  
  48  4:48  Orbital Command  
  48  4:50  Marine  
  48  5:01  Siege Tank  
  48  5:05  SCV  
  51  5:13  Starport Tech Lab  
  51  5:17  SCV  
  50  5:27  Marine x2  
  50  5:28  Engineering Bay  
  51  5:33  Banshee  
  54  5:38  SCV  
  54  5:42  Orbital Command  
  54  5:48  Marine x2  
  56  5:50  SCV  
  56  5:52  Cloaking Field  
  57  6:01  Missile Turret  
  57  6:02  SCV  
  58  6:09  Siege Tank  
  58  6:10  SCV  
  62  6:14  Marine x2, SCV  
  63  6:22  SCV  
  59  6:26  SCV  
  59  6:29  Banshee  
  62  6:34  SCV  
  61  6:45  Marine  
  61  6:48  SCV  
  61  6:50  Supply Depot, SCV  
  63  7:00  Siege Tank, SCV  
  67  7:02  SCV  
  67  7:06  Supply Depot  
  68  7:12  SCV  
  68  7:14  Banshee  
  68  7:15  SCV  
  70  7:16  Marine  
  71  7:24  SCV  
  71  7:25  Refinery  
  71  7:27  SCV  
  73  7:36  SCV  
  71  7:39  Barracks, SCV  
  71  7:40  Barracks  
  72  7:47  Marine x2, Siege Tank  
  72  7:48  SCV  
  72  7:51  SCV  
  77  8:00  Viking, SCV  
  77  8:03  SCV  
  81  8:12  SCV  
  79  8:15  SCV  
  79  8:18  Command Center, Terran Infantry Weapons Level 1  
  79  8:19  Missile Turret  
  80  8:22  Marine x2  
  80  8:24  SCV  
  83  8:27  SCV  
  83  8:30  Viking  
  86  8:39  Missile Turret  
  86  8:40  Supply Depot  
  86  8:41  Supply Depot, Marine  
  86  8:42  Missile Turret, SCV  
  86  8:44  Siege Tank  
  86  8:46  Barracks Tech Lab, Refinery  
  86  8:47  SCV  
  92  8:52  Supply Depot  
  92  8:54  Marine  
  92  8:55  Marine  
  92  9:07  Marine  
  93  9:12  Marine x2, SCV  
  93  9:16  SCV  
  96  9:17  Siege Tank  
  97  9:25  SCV  
  97  9:26  Marine x2, Viking  
  97  9:27  Combat Shield  
  97  9:28  Stimpack  
  97  9:30  Marine  
  103  9:33  SCV  
  103  9:37  SCV  
  104  9:46  Marine x3  
  104  9:48  Marine  
  104  9:51  Orbital Command  
  108  9:59  Viking  
  110  10:04  Marine x2  
  110  10:05  Siege Tank  
  115  10:21  Marine x2  
  116  10:22  SCV x2  
  116  10:26  Orbital Command  
  116  10:29  Medivac  
  118  10:38  SCV  
  118  10:41  Marine x3  
  118  10:42  Marine, Siege Tank  
  126  10:50  Terran Infantry Armor Level 1, Concussive Shells  
  126  10:51  Barracks  
  126  10:52  Barracks  
  126  11:00  Supply Depot  
  126  11:01  Missile Turret  
  126  11:04  Marauder  
  126  11:05  Marauder  
  126  11:12  Marine  
  126  11:16  Marine  
  126  11:19  Starport Reactor  
  126  11:20  Siege Tank  
  126  11:23  SCV x2  
  131  11:26  Marauder  
  133  11:41  Marine  
  133  11:43  Marine  
  132  11:52  Barracks Tech Lab, Barracks Reactor  
  132  11:55  Marauder x2  
  114  12:12  Marauder, Marine  
  114  12:14  SCV x2  
  99  12:16  Marauder x2  
  103  12:26  Marine, SCV x2  
  103  12:30  Marine  
  103  12:33  Marine x2  
  103  12:34  Marauder  
  108  12:38  Marauder x2, SCV x2  
  114  12:48  Orbital Command  
  114  12:50  SCV x2  
  113  12:52  Armory  
  113  12:55  Marauder  
  113  12:56  Engineering Bay  
  115  12:59  Marauder x2, Medivac  
  115  13:02  SCV x2  
  123  13:07  Sensor Tower  
  123  13:08  Medivac  
  125  13:14  SCV x2  
  125  13:16  SCV  
  125  13:18  Marine  
  129  13:21  Marine x2  
  129  13:25  Marauder  
  133  13:38  Supply Depot  
  133  13:39  Marine  
  133  13:40  Marauder x2, Supply Depot, SCV, Medivac  
  133  13:41  Supply Depot  
  141  13:59  Marine x4  
  141  14:00  Marauder, Medivac  
  141  14:01  Marauder x2, Widow Mine  
  155  14:03  Supply Depot x2  
  155  14:10  Medivac, Supply Depot  
  156  14:17  Marine x2  
  156  14:18  Marine  
  156  14:21  Marauder  
  156  14:23  Marauder x2, Siege Tank  
  159  14:25  Terran Infantry Armor Level 2, Orbital Command  
  159  14:28  Terran Infantry Weapons Level 2  
  159  14:32  Marine  
  159  14:35  Marine  
  159  14:36  Medivac  
  159  14:38  Terran Vehicle Weapons Level 1  
  163  14:41  Refinery  
  163  14:43  Marauder  
  163  14:44  Marauder x2  
  163  14:45  Refinery, SCV  
  170  14:51  Marine  
  160  15:04  Marauder  
  160  15:06  Marauder x2, Marine x3  
  155  15:07  Siege Tank  
  150  15:15  Marine  
  150  15:16  Viking  
  150  15:19  SCV x2  
  153  15:24  Marine x2  
  153  15:26  Marauder  
  153  15:27  Marauder x2, SCV  
  158  15:31  SCV x2  
  158  15:42  Marine x2  
  160  15:45  Command Center  
  160  15:47  Marauder  
  160  15:48  Marauder x2  
  166  15:54  Marine, Siege Tank  
  170  15:57  Fusion Core  
  170  15:58  SCV  
  170  16:02  Liberator  
  170  16:03  SCV  
  172  16:07  SCV  
  172  16:08  Marauder  
  172  16:10  Marauder x2, SCV  
  179  16:12  Command Center  
  178  16:18  Marine  
  178  16:19  Marine  
  171  16:27  Missile Turret  
  171  16:30  Marauder, Viking  
  175  16:33  Marine  
  175  16:35  Refinery  
  175  16:36  Marine  
  175  16:37  Refinery  
  169  16:48  Marine x4  
  169  16:50  Marine  
  169  16:51  Marine  
  175  16:58  Marine  
  175  17:00  Medivac  
  178  17:02  Medivac  
  178  17:05  Siege Tank  
  178  17:07  Marine x2  
  185  17:10  Marine x3, Missile Turret  
  185  17:11  Marauder  
  185  17:13  SCV  
  191  17:16  Marine  
  191  17:20  SCV x2  
  194  17:24  Refinery  
  194  17:25  Marine, SCV  
  194  17:29  Marauder  
  183  17:36  Marauder x2, Marine x2  
  174  17:39  Marine  
  174  17:43  Marine  
  173  17:47  SCV x3  
Show
View Real Time Build Order
Export as new Build Order

Melle Protoss 

Build Orders:  

Get SALT Encoding   

  12  0:00  Probe  
  13  0:12  Probe  
  14  0:18  Pylon  
  14  0:24  Probe  
  15  0:32  Probe  
  15  0:38  Gateway  
  15  0:40  Probe  
  16  0:48  Assimilator  
  17  0:51  Probe  
  18  0:59  Pylon  
  18  1:03  Probe  
  19  1:15  Probe  
  20  1:25  Cybernetics Core, Zealot  
  22  1:27  Probe  
  23  1:39  Probe  
  24  1:51  Stalker  
  24  2:01  Warp Gate  
  24  2:06  Nexus  
  26  2:18  Stalker  
  28  2:23  Pylon  
  28  2:29  Assimilator  
  27  2:48  Robotics Facility  
  27  2:49  Probe  
  28  2:53  Adept  
  30  3:01  Probe  
  31  3:14  Probe  
  31  3:18  Gateway  
  32  3:24  Gateway  
  32  3:32  Gateway  
  32  3:35  Warp Prism  
  32  4:10  Warp Prism  
  32  4:24  Stalker x3  
  32  4:26  Stalker  
  34  4:48  Stalker  
  34  4:51  Stalker x2, Sentry  
  42  4:58  Probe x2  
  44  5:23  Immortal  
  44  5:24  Probe x2  
  50  5:32  Probe x2  
  50  5:42  Probe x2  
  52  5:43  Stargate  
  52  5:51  Robotics Bay  
  52  5:55  Probe x2  
  54  6:03  Pylon  
  54  6:04  Pylon  
  54  6:06  Assimilator  
  54  6:10  Immortal  
  54  6:24  Probe  
  55  6:34  Stalker x4  
  55  6:36  Probe x2  
  63  6:48  Probe x2  
  63  6:51  Twilight Council  
  65  6:57  Observer  
  65  7:00  Stalker  
  65  7:01  Stalker  
  65  7:07  Probe x2  
  64  7:16  Stalker x2  
  64  7:19  Probe x2  
  66  7:31  Probe  
  66  7:32  Probe  
  66  7:36  Observer  
  68  7:43  Pylon  
  68  7:44  Probe  
  70  7:46  Probe  
  70  7:50  Robotics Facility  
  69  7:53  Pylon  
  69  8:00  Probe  
  69  8:01  Probe  
  69  8:02  Blink  
  71  8:18  Forge  
  71  8:21  Gateway, Sentry  
  71  8:23  Gateway  
  71  8:24  Assimilator  
  73  8:27  Probe x2  
  73  8:32  Protoss Ground Armor Level 1  
  75  8:39  Probe x2  
  77  8:44  Colossus  
  77  8:48  Nexus  
  83  8:55  Pylon  
  83  9:06  Probe x2  
  83  9:09  Extended Thermal Lance  
  91  9:31  Probe x2  
  91  9:37  Colossus  
  93  9:43  Immortal  
  93  9:52  Photon Cannon  
  93  9:53  Photon Cannon  
  93  9:55  Assimilator  
  93  9:57  Assimilator  
  93  10:01  Probe x2  
  95  10:14  Colossus  
  92  10:16  Probe x3  
  95  10:26  Colossus  
  100  10:31  Stalker  
  100  10:35  Protoss Ground Weapons Level 1  
  108  10:37  Pylon  
  108  10:38  Pylon  
  108  10:49  Pylon  
  108  10:56  Stalker x4  
  116  11:01  Stalker, Sentry  
  112  11:19  Probe x2  
  112  11:20  Probe  
  112  11:24  Stalker x3  
  118  11:27  Zealot  
  118  11:28  Zealot x2  
  121  11:37  Probe  
  121  11:38  Probe  
  107  11:47  Probe  
  107  11:49  Colossus  
  107  11:50  Probe x2  
  109  12:05  Stalker  
  109  12:06  Stalker x3  
  104  12:10  Protoss Ground Armor Level 2  
  104  12:15  Stalker x2  
  91  12:29  Stalker x3  
  92  12:36  Probe x3  
  92  12:37  Stalker  
  92  12:48  Probe x3  
  92  12:54  Charge  
  92  12:56  Probe x3  
  98  13:06  Probe x2  
  98  13:07  Templar Archives  
  98  13:09  Sentry  
  102  13:13  Probe  
  102  13:18  Probe  
  104  13:20  Probe, Colossus  
  104  13:25  Probe  
  106  13:30  Probe  
  106  13:32  Probe  
  108  13:37  Probe  
  109  13:42  Probe  
  110  13:51  Psionic Storm  
  110  13:55  High Templar x2  
  114  14:01  Zealot x3  
  120  14:09  Nexus  
  120  14:11  Observer  
  121  14:21  Protoss Ground Armor Level 3  
  121  14:32  Nexus  
  121  14:33  High Templar x2  
  125  14:40  Pylon  
  125  14:42  Assimilator, Photon Cannon  
  125  14:44  Photon Cannon  
  125  14:45  Assimilator  
  118  15:08  Zealot x5  
  107  15:32  Pylon  
  107  15:33  Pylon  
  107  15:34  Pylon  
  103  15:44  Warp Prism  
  103  15:50  Pylon  
  103  15:57  Assimilator  
  105  15:58  Pylon  
  105  16:02  Stargate  
  97  16:11  Probe x3  
  97  16:15  Stalker x4  
  99  16:47  High Templar x4  
  107  16:54  Archon x2  
  107  16:58  Probe x2  
  109  17:09  Pylon  
  109  17:10  Pylon  
  109  17:22  Probe  
  106  17:24  Immortal  
  92  17:33  High Templar  
  92  17:34  High Templar x3  
Tags
 
Add a new tag
Caveats
  • Supply blocks, unpowered buildings, or Contaminate may cause inaccurate times.
  • Supply counts are checked every 10 seconds.